 Seeded DCSS version 0.30.1-11-g7821555f0a (webtiles) character file.

Game seed: 10574354823592160604 (custom seed)

1635 Psyclone the Destroyer (level 8, -2/41 HPs)
             Began as a Deep Elf Conjurer on Nov 18, 2023.
             Slain by a wyvern (12 damage)
             ... on level 5 of the Dungeon.
             The game lasted 00:18:06 (4956 turns).

Psyclone the Destroyer (Deep Elf Conjurer)          Turns: 4956, Time: 00:18:06

Health: -2/41      AC:  5    Str:  4    XL:     8   Next: 66%
Magic:  30/34      EV: 12    Int: 26    God:
Gold:   266        SH:  5    Dex: 13    Spells: 18/29 levels left

rFire   . . .        j - +4 dagger
rCold   . . .        (no shield)
rNeg    . . .        a - +1 robe
rPois   .            C - +0 helmet
rElec   .            (no cloak)
rCorr   .            (no gloves)
SInv    +            f - +0 pair of boots
Will    .....        k - amulet of reflection
Stlth   ++           i - ring of see invisible
HPRegen 0.26/turn    h - ring of magical power
MPRegen 0.24/turn

%: reflection
@: studying Stealth
A: deterioration 1, wild magic 1, no potion heal 1
a: no special abilities


You were on level 5 of the Dungeon.
You visited 1 branch of the dungeon, and saw 5 of its levels.
You also visited: Sewer.

You collected 266 gold pieces.

Inventory:

Hand Weapons
 j - a +4 dagger (weapon)
Missiles
 D - a throwing net {!f}
Armour
 a - a +1 robe (worn)
 f - a +0 pair of boots (worn)
 w - a +2 leather armour of willpower
 C - a +0 helmet (worn)
Jewellery
 e - a ring of positive energy
 h - a ring of magical power (right hand)
 i - a ring of see invisible (left hand)
 k - an amulet of reflection (around neck)
 r - a ring of flight
 y - a +4 ring of protection
 z - an amulet of faith
Wands
 n - a wand of digging (16)
 x - a wand of flame (24)
Scrolls
 c - 2 scrolls of amnesia
 d - 4 scrolls of identify {@r1}
 m - 2 scrolls of teleportation
 q - 2 scrolls of magic mapping {unknown}
 t - 2 scrolls of poison {unknown}
Potions
 b - a potion of magic
 g - a potion of lignification
 l - a potion of curing
 o - a potion of resistance
 p - 2 potions of mutation
 s - a potion of cancellation {unknown}
 u - a potion of degeneration {unknown}
 v - a potion of haste {unknown}
 A - a potion of attraction {unknown}
 B - 4 potions of flight


   Skills:
 - Level 2.4 Dodging
 - Level 2.4 Stealth
 + Level 11.1 Spellcasting
 * Level 13.3 Conjurations


You had 18 spell levels left.
You knew the following spells:

 Your Spells              Type           Power      Damage    Failure   Level
a - Magic Dart            Conj           100%       1d8       1%          1
b - Searing Ray           Conj           100%       2d8       1%          2
d - Fulminant Prism       Conj/Hex       29%        3d13      4%          4
e - Iskenderun's Mystic   Conj/Tloc      59%        2d12      4%          4

Your spell library contained the following spells:

 Spells                   Type           Power      Damage    Failure   Level
 Dazzling Flash           Conj/Hex       100%       N/A       1%          3


Dungeon Overview and Level Annotations

Branches:
Dungeon (5/15) Zot: 25355   Sewer (visited)
 Temple: D:4-7

Altars:
Cheibriados
Dithmenos
Hepliaklqana
Wu Jian

Shops:
D:1 (

Annotations:
D:5 1 runed translucent door, Crazy Yiuf


Innate Abilities, Weirdness & Mutations

Your body sometimes deteriorates upon taking damage.
Your spells are a little harder to cast, but a little more powerful.
Potions are less effective at restoring your health.


Message History

Moving in this stuff is going to be slow.
You enter the shallow water.
Moving in this stuff is going to be slow.
You enter the shallow water.
Moving in this stuff is going to be slow.
You enter the shallow water.
Moving in this stuff is going to be slow.
You see here a rat skeleton.
You see here an adder skeleton.
You enter the shallow water.
Moving in this stuff is going to be slow.
Items here: ))) [ ÷÷÷.
D - a throwing net {!f}
Items here: ))) ÷÷.
Key pressed, stopping explore.
Found a stone staircase leading down.
There is a stone staircase leading down here.
The wyvern hisses angrily.
Casting: Searing Ray (safe; 1% risk of failure)
Confirm with . or Enter, or press ? or * to list all spells.
Aiming: Searing Ray (safe; 1% risk of failure)
Press: ? - help, Shift-Dir - straight line, f - wyvern
Aim: a wyvern (83% to hit)
The searing ray hits the wyvern!
The wyvern is heavily wounded. (Press . to maintain the ray.)
You now have 32/34 mp.
The searing ray hits the wyvern!
The wyvern is severely wounded.
The wyvern bites you! x2
* * * LOW HITPOINT WARNING * * *
You take 31 damage, and have 10/41 hp.
MASSIVE DAMAGE!!
You now have 31/34 mp.
The searing ray hits the wyvern.
The wyvern is almost dead.
The wyvern barely misses you.
You now have 30/34 mp.
The searing ray misses the wyvern.
You finish channelling your searing ray.
The wyvern misses you. The wyvern bites you!
You die...

#####
#...####...
#..@l......
#...####...
##.## #..
######.# #..
#.....># #..
## #.######
#..########.
#.#
###...........
#.#
#.....######..
#.# #.###.#
#..


You could see a wyvern.

Vanquished Creatures
  Grinder (D:5)
  Sigmund (D:4)
  Eustachio (D:5)
  3 centaurs (D:5)
  A phantom (D:5)
  5 scorpions
  A hound (D:5)
  A jelly (D:5)
  2 iguanas (D:4)
  An orc wizard (D:5)
  A sickly merfolk siren (Sewer)
  A sleepcap (D:4)
  A malarious merfolk avatar (Sewer)
  3 gnolls (D:5)
  3 river rats (Sewer)
  10 adders
  4 worms
  3 dart slugs
  9 orcs
  11 ball pythons
  5 bats (D:1)
  6 endoplasms
  9 giant cockroaches
  6 hobgoblins
  4 jackals (D:2)
  3 quokkas
  5 frilled lizards
  4 goblins
  5 kobolds
  26 rats
136 creatures vanquished.

Notes
Turn   | Place    | Note
-------+----------+-------------------------------------------
     0 | D:1      | Psyclone the Deep Elf Conjurer began the quest for the Orb.
     0 | D:1      | Reached XP level 1. HP: 10/10 MP: 6/6
   188 | D:1      | Reached XP level 2. HP: 15/15 MP: 5/8
   327 | D:1      | Found Usoro's Weapon Shoppe.
   481 | D:1      | Reached skill level 5 in Conjurations
   970 | D:1      | Gained mutation: You occasionally shout uncontrollably at
                  | your foes. [potion of mutation]
   970 | D:1      | Gained mutation: You have hidden genetic potential. [potion
                  | of mutation]
   970 | D:1      | Gained mutation: Your body sometimes deteriorates upon
                  | taking damage. [potion of mutation]
   971 | D:1      | Lost mutation: You occasionally shout uncontrollably at
                  | your foes. [potion of mutation]
   971 | D:1      | Lost mutation: You have hidden genetic potential. [potion
                  | of mutation]
   971 | D:1      | Gained mutation: Potions are less effective at restoring
                  | your health. [potion of mutation]
   971 | D:1      | Gained mutation: Your spells are a little harder to cast,
                  | but a little more powerful. [potion of mutation]
  1020 | D:2      | Reached XP level 3. HP: 19/19 MP: 6/10
  1754 | D:2      | Reached XP level 4. HP: 24/24 MP: 7/12
  1924 | D:2      | Reached skill level 11 in Conjurations
  1924 | D:2      | Reached XP level 5. HP: 28/28 MP: 13/19
  2323 | D:3      | Found a hazy altar of Hepliaklqana.
  2703 | D:4      | Found a snail-covered altar of Cheibriados.
  2786 | D:4      | Reached XP level 6. HP: 32/32 MP: 20/20
  2789 | D:4      | Learned a level 2 spell: Searing Ray
  2794 | D:4      | Learned a level 4 spell: Fulminant Prism
  2799 | D:4      | Learned a level 4 spell: Iskenderun's Mystic Blast
  3028 | D:4      | Noticed Sigmund
  3035 | D:4      | Killed Sigmund
  3036 | D:4      | Reached skill level 10 in Spellcasting
  3036 | D:4      | Reached skill level 12 in Conjurations
  3041 | D:4      | Reached XP level 7. HP: 15/36 MP: 16/22
  3925 | D:4      | Found an ornate altar of the Wu Jian Council.
  3970 | D:5      | Entered Level 5 of the Dungeon
  3972 | D:5      | Noticed Eustachio
  3982 | D:5      | Killed Eustachio
  4044 | D:5      | Noticed Grinder
  4050 | D:5      | Killed Grinder
  4128 | D:5      | Found a shadowy altar of Dithmenos.
  4252 | D:5      | Reached XP level 8. HP: 37/41 MP: 24/24
  4289 | D:5      | Reached skill level 13 in Conjurations
  4302 | D:5      | Found a runed translucent door.
  4303 | D:5      | Noticed Crazy Yiuf
  4486 | D:5      | Found a glowing drain.
  4491 | Sewer    | Entered a sewer
  4956 | D:5      | Slain by a wyvern

Illustrated notes

Levels and vault maps discovered:
D:1:      doesnt_arrival_eight_statues, layout_loops_ring, serial_shops, shop
D:2:      layout_basic
D:3:      layout_loops_ring, mainiacjoe_overflow_brackets
D:4:      layout_layer_cave, nzn_wu_jian_council_hall,
          mainiacjoe_overflow_tiny_flanked, uniq_sigmund
D:5:      layout_loops_ring, kennysheep_orc_sif_temple, old_standard_altar,
          gup_sewer_entry_spiral, minmay_manual_mares, uniq_crazy_yiuf_cottage,
          uniq_eustachio, uniq_grinder

Skill      XL: |  1  2  3  4  5  6  7  8 |
---------------+-------------------------+-----
Conjurations   | 5 11 12 13 | 13.3
Spellcasting   | 4 9 10 11 | 11.1
Dodging        | |  2.4
Stealth        | |  2.4

Action                     |  1- 3 |  4- 6 |  7- 9 || total
---------------------------+-------+-------+-------++-------
  Melee: Dagger            |       |     8 |    15 ||    23
   Cast: Magic Dart        |    87 |    76 |    19 ||   182
         Searing Ray       |       |     3 |    50 ||    53
    Use: Potion            |     5 |     4 |     2 ||    11
         Scroll            |     2 |     4 |       ||     6
   Stab: Sleeping          |       |       |     2 ||     2
 Armour: Robe              |     1 |     8 |    18 ||    27
  Dodge: Dodged            |     5 |    15 |    38 ||    58
  Block: Other             |       |     5 |    13 ||    18
         Reflection        |       |       |     1 ||     1
